[Event "XXXI Torre Memorial 2019"]
[Site "Merida"]
[Date "2019.12.14"]
[Round "1.7"]
[White "Gonzalez Zamora, Juan Carlos"]
[Black "Gongora Montes, Benjamin"]
[Result "1/2-1/2"]
[ECO "A48"]
[WhiteElo "2535"]
[BlackElo "2216"]
[Annotator "ChessBase"]
[PlyCount "48"]
[EventDate "2019.12.13"]
[EventType "swiss"]
[EventCountry "MEX"]
[SourceTitle "playchess.com"]
[Source "ChessBase"]
[SourceQuality "1"]
[TimeControl "5400+30"]

1. Nf3 g6 2. d4 Nf6 3. c4 Bg7 4. Nc3 d5 5. cxd5 Nxd5 6. Bd2 Nf4 7. Bxf4 Nc6 8. e3 O-O 9. Bb5 Bd7 10. O-O Na5 11. Rc1 Rc8 12. Qe2 c5 13. Rfd1 c4 14. Ng5 Bf5 15. e4 Bd7 16. Bxd7 Qxd7 17. d5 Qf5 18. Na4 Qxf4 19. Nf3 b5 20. Nc3 b4 21. Nb5 Rc5 22. Nxa7 Ra8 23. g3 Qg4 24. Qe3 Nb7 1/2-1/2

[Event "XXXI Torre Memorial 2019"]
[Site "Merida"]
[Date "2019.12.14"]
[Round "1.9"]
[White "Obregon Rivero, Juan Carlos"]
[Black "Morales Garcia, Sergio Joshafatt"]
[Result "0-1"]
[ECO "A07"]
[WhiteElo "2513"]
[BlackElo "2209"]
[Annotator "ChessBase"]
[PlyCount "115"]
[EventDate "2019.12.13"]
[EventType "swiss"]
[EventCountry "MEX"]
[SourceTitle "playchess.com"]
[Source "ChessBase"]
[SourceQuality "1"]
[TimeControl "5400+30"]

1. Nf3 Nf6 2. g3 d5 3. Bg2 c6 4. O-O Bg4 5. d4 Nbd7 6. c4 e6 7. Qb3 Qb6 8. Nc3 h6 9. c5 Qc7 10. Bf4 Qc8 11. Rac1 Be7 12. Nd2 O-O 13. e4 Re8 14. e5 Nh7 15. h3 Bf5 16. g4 Bg6 17. Bg3 f5 18. f4 Kh8 19. Nd1 Rg8 20. Ne3 Nhf8 21. Nf3 Bh7 22. Rf2 Qc7 23. gxf5 Bxf5 24. h4 g6 25. h5 gxh5 26. Nxf5 exf5 27. Bh2 Ne6 28. Kh1 Raf8 29. Bh3 Rf7 30. Qd3 Rg4 31. Rg1 Ndf8 32. Bxg4 hxg4 33. Ne1 h5 34. Nc2 h4 35. Rfg2 Qd7 36. Ne3 Ng7 37. b4 Nfe6 38. Nxg4 fxg4 39. Qg6 Bd8 40. Rxg4 Nxd4 41. Qd3 Ndf5 42. Rg6 d4 43. R1g2 Qd5 44. Kg1 b6 45. cxb6 axb6 46. Qd1 c5 47. e6 Ra7 48. bxc5 bxc5 49. Rb2 Rxa2 50. Rxa2 Qxa2 51. Qe1 Be7 52. Rg2 Qd5 53. Qe5 Qxe5 54. fxe5 c4 55. Bf4 Nxe6 56. Bc1 c3 57. Rg6 d3 58. Rg2 0-1

[Event "XXXI Torre Memorial 2019"]
[Site "Merida"]
[Date "2019.12.14"]
[Round "1.11"]
[White "Santiago, Yago De Moura"]
[Black "Gonzalez Ochoa, Yoana"]
[Result "1-0"]
[ECO "D11"]
[WhiteElo "2479"]
[BlackElo "2200"]
[Annotator "ChessBase"]
[PlyCount "101"]
[EventDate "2019.12.13"]
[EventType "swiss"]
[EventCountry "MEX"]
[SourceTitle "playchess.com"]
[Source "ChessBase"]
[SourceQuality "1"]
[TimeControl "5400+30"]

1. d4 d5 2. c4 c6 3. Nf3 Nf6 4. Qc2 g6 5. Bf4 Bg7 6. e3 O-O 7. Bd3 dxc4 8. Bxc4 Bf5 9. Qb3 b5 10. Be2 Qa5+ 11. Nc3 Be6 12. Qd1 b4 13. Na4 b3+ 14. Nc3 bxa2 15. O-O h6 16. Nxa2 Bxa2 17. Bc4 Qb4 18. Bxa2 Nd5 19. Qc2 Nxf4 20. exf4 e6 21. h4 h5 22. Bb1 Qd6 23. Ra5 Qxf4 24. Rxh5 Rd8 25. Ra5 Rd5 26. Rxd5 exd5 27. h5 gxh5 28. Re1 Nd7 29. Qxc6 Nb6 30. Qc2 Rc8 31. Qd1 Nc4 32. g3 Qg4 33. Qd3 Nxb2 34. Qh7+ Kf8 35. Ne5 Bxe5 36. Rxe5 Qg7 37. Qf5 Qg4 38. Qh7 Qg7 39. Qxh5 Rc1+ 40. Kg2 Rxb1 41. Qf5 Qg6 42. Qc8+ Kg7 43. Qd8 a5 44. Rg5 a4 45. Rxg6+ fxg6 46. Qc7+ Kf6 47. Qe5+ Kf7 48. Qxd5+ Kg7 49. Qe5+ Kh7 50. Qc7+ Kh6 51. Qc2 1-0

[Event "XXXI Torre Memorial 2019"]
[Site "Merida"]
[Date "2019.12.14"]
[Round "1.12"]
[White "Arribas Robaina, Maritza"]
[Black "Miranda Mesa, Elier"]
[Result "0-1"]
[ECO "B12"]
[WhiteElo "2199"]
[BlackElo "2477"]
[Annotator "ChessBase"]
[PlyCount "62"]
[EventDate "2019.12.13"]
[EventType "swiss"]
[EventCountry "MEX"]
[SourceTitle "playchess.com"]
[Source "ChessBase"]
[SourceQuality "1"]
[TimeControl "5400+30"]

1. e4 c6 2. d4 d5 3. e5 Bf5 4. Nf3 e6 5. Be2 Ne7 6. O-O Ng6 7. Be3 Nd7 8. Nbd2 f6 9. exf6 Qxf6 10. Bg5 Qf7 11. Nh4 Bd6 12. Bh5 h6 13. Nxg6 Bxg6 14. Bxg6 Qxg6 15. Bh4 O-O 16. Nf3 e5 17. dxe5 Nxe5 18. Nxe5 Bxe5 19. c3 Rae8 20. Bg3 Bf6 21. Re1 h5 22. Rxe8 Rxe8 23. h3 Qf5 24. Qd2 Bg5 25. Qd1 h4 26. Bh2 Qe4 27. Bd6 Re6 28. Bb8 a6 29. Ba7 Bf4 30. Qd4 Qe5 31. Qd1 Qe4 0-1

[Event "XXXI Torre Memorial 2019"]
[Site "Merida"]
[Date "2019.12.14"]
[Round "1.13"]
[White "Hevia Alejano, Carlos Antonio"]
[Black "Corrales Jimenez, Zenia"]
[Result "1-0"]
[ECO "A16"]
[WhiteElo "2465"]
[BlackElo "2197"]
[Annotator "ChessBase"]
[PlyCount "125"]
[EventDate "2019.12.13"]
[EventType "swiss"]
[EventCountry "MEX"]
[SourceTitle "playchess.com"]
[Source "ChessBase"]
[SourceQuality "1"]
[TimeControl "5400+30"]

1. c4 Nf6 2. Nc3 d5 3. cxd5 Nxd5 4. Nf3 g6 5. Qa4+ Nc6 6. Nxd5 Qxd5 7. e4 Qd6 8. Bb5 Bd7 9. d4 Qb4+ 10. Bd2 Qxa4 11. Bxa4 Bg7 12. Bc3 Ne5 13. Bxd7+ Nxd7 14. Rc1 c6 15. Ke2 O-O 16. Rhd1 a5 17. d5 Bxc3 18. Rxc3 Nf6 19. dxc6 bxc6 20. Nd2 Rfb8 21. Rc2 a4 22. f3 Ra5 23. Nb1 Rh5 24. h3 Rhb5 25. Rdd2 Nh5 26. Nc3 Ra5 27. Rd4 a3 28. b3 Rc5 29. Rdd2 Nf4+ 30. Ke3 e5 31. Nb1 Ra5 32. h4 Ne6 33. Rxc6 Nd4 34. Rd6 Nxb3 35. Rd8+ Rxd8 36. Rxd8+ Kg7 37. Rd5 Ra6 38. Rxe5 Nc1 39. Nc3 Rb6 40. Rd5 Rb2 41. Rd2 f5 42. Rxb2 axb2 43. a4 Nb3 44. Kd3 fxe4+ 45. fxe4 b1=Q+ 46. Nxb1 Nc5+ 47. Kd4 Nxa4 48. Ke5 Kf7 49. Kd6 Nb2 50. Nd2 Nd3 51. e5 Nf4 52. g3 Ne6 53. Ne4 h6 54. Nc5 Nd4 55. Kd7 g5 56. h5 Nf5 57. e6+ Kf8 58. g4 Ne7 59. Ne4 Nd5 60. Nd6 Nf6+ 61. Kd8 Nd5 62. Nf5 Nf6 63. e7+ 1-0

[Event "XXXI Torre Memorial 2019"]
[Site "Merida"]
[Date "2019.12.14"]
[Round "1.14"]
[White "Obregon Garcia, Roxangel"]
[Black "Rodriguez Vila, Andres"]
[Result "0-1"]
[ECO "C03"]
[WhiteElo "2171"]
[BlackElo "2463"]
[Annotator "ChessBase"]
[PlyCount "74"]
[EventDate "2019.12.13"]
[EventType "swiss"]
[EventCountry "MEX"]
[SourceTitle "playchess.com"]
[Source "ChessBase"]
[SourceQuality "1"]
[TimeControl "5400+30"]

1. e4 e6 2. d4 d5 3. Nd2 Be7 4. e5 c5 5. c3 Nc6 6. Ndf3 Qc7 7. Bd3 Bd7 8. Ne2 cxd4 9. cxd4 Nb4 10. Bb1 Bb5 11. Nc3 Ba6 12. Bg5 Rc8 13. h4 Qc4 14. Qd2 Bxg5 15. Nxg5 Nh6 16. Nf3 O-O 17. a3 Nd3+ 18. Bxd3 Qxd3 19. Qxd3 Bxd3 20. O-O-O Be2 21. Rd2 Bxf3 22. gxf3 Nf5 23. Kb1 Rc4 24. Rhd1 Nxh4 25. Nb5 f6 26. Nd6 Rc7 27. f4 fxe5 28. fxe5 g5 29. Re2 h5 30. Rh1 a6 31. f4 Rxf4 32. Ne8 Rcf7 33. Nf6+ R7xf6 34. exf6 Kf7 35. Rc2 Rxf6 36. Rc7+ Kg6 37. Rxb7 Nf3 0-1

[Event "XXXI Torre Memorial 2019"]
[Site "Merida"]
[Date "2019.12.14"]
[Round "1.15"]
[White "Fernandez De La Vara, Arnaldo"]
[Black "Quiroga Jaquez, Angel Ivan"]
[Result "1-0"]
[ECO "D30"]
[WhiteElo "2463"]
[BlackElo "2163"]
[Annotator "ChessBase"]
[PlyCount "47"]
[EventDate "2019.12.13"]
[EventType "swiss"]
[EventCountry "MEX"]
[SourceTitle "playchess.com"]
[Source "ChessBase"]
[SourceQuality "1"]
[TimeControl "5400+30"]

1. Nf3 d5 2. c4 c6 3. d4 Nf6 4. e3 e6 5. Nbd2 Nbd7 6. b3 Be7 7. Bb2 O-O 8. Bd3 b6 9. O-O Bb7 10. Qe2 Rc8 11. Rac1 Re8 12. Rfd1 Qc7 13. Ne5 dxc4 14. Ndxc4 b5 15. Nd2 a6 16. Ndf3 Qa5 17. Ng5 Qxa2 18. Qc2 Ba3 19. Bxh7+ Kf8 20. Bxa3+ Qxa3 21. Ngxf7 Nxh7 22. Qxh7 Nf6 23. Qh8+ Ng8 24. Ng5 1-0

[Event "XXXI Torre Memorial 2019"]
[Site "Merida"]
[Date "2019.12.14"]
[Round "1.16"]
[White "Huertas Soris, Ramon Antonio"]
[Black "Kevlishvili, Robby"]
[Result "0-1"]
[ECO "B90"]
[WhiteElo "2155"]
[BlackElo "2457"]
[Annotator "ChessBase"]
[PlyCount "78"]
[EventDate "2019.12.13"]
[EventType "swiss"]
[EventCountry "MEX"]
[SourceTitle "playchess.com"]
[Source "ChessBase"]
[SourceQuality "1"]
[TimeControl "5400+30"]

1. e4 c5 2. Nf3 d6 3. d4 cxd4 4. Nxd4 Nf6 5. Nc3 a6 6. Be3 e5 7. Nb3 Be6 8. f4 exf4 9. Bxf4 Be7 10. Qd2 Nc6 11. O-O-O Ne5 12. Nd4 O-O 13. Nf5 Bxf5 14. exf5 b5 15. Kb1 Qc8 16. Bd3 b4 17. Ne4 Nxe4 18. Bxe4 Nc4 19. Qd3 Bf6 20. Bc1 Rb8 21. Bd5 Nb6 22. g4 Be5 23. Rhf1 a5 24. g5 a4 25. Rf3 b3 26. cxb3 Nxd5 27. Qxd5 axb3 28. Rxb3 Qxf5+ 29. Qd3 Qe6 30. Rxb8 Rxb8 31. h4 Qg4 32. Qd5 Qxh4 33. Rf1 Rf8 34. Qf3 Qb4 35. Qd5 g6 36. a3 Qb6 37. Ka2 Qc7 38. Qd3 Rb8 39. Rd1 Qxc1 0-1

[Event "XXXI Torre Memorial 2019"]
[Site "Merida"]
[Date "2019.12.14"]
[Round "1.17"]
[White "Diaz Perez, Michel Alejandro"]
[Black "La Rota, Fabio"]
[Result "1-0"]
[ECO "A52"]
[WhiteElo "2455"]
[BlackElo "2154"]
[Annotator "ChessBase"]
[PlyCount "89"]
[EventDate "2019.12.13"]
[EventType "swiss"]
[EventCountry "MEX"]
[SourceTitle "playchess.com"]
[Source "ChessBase"]
[SourceQuality "1"]
[TimeControl "5400+30"]

1. d4 Nf6 2. c4 e5 3. dxe5 Ng4 4. Nf3 Nc6 5. Nc3 Ngxe5 6. Nxe5 Nxe5 7. e4 Bc5 8. Bf4 d6 9. Be2 O-O 10. O-O Be6 11. b3 f5 12. exf5 Rxf5 13. Bg3 Qd7 14. Na4 Qc6 15. Nxc5 Qxc5 16. Qd2 a5 17. Kh1 Nc6 18. Rfe1 Bf7 19. f4 Bh5 20. Bd3 Rff8 21. Bf2 Qb4 22. Qc2 a4 23. Bxh7+ Kh8 24. Rab1 Rxf4 25. Bg3 axb3 26. axb3 Rf6 27. Be4 Raf8 28. h3 Nd4 29. Qd3 c5 30. Bh4 Re6 31. Bd5 Rh6 32. Rf1 Re8 33. Rbe1 Be2 34. Qg3 Ra8 35. Rf7 Rh7 36. Qf4 Rh5 37. Bf2 Qc3 38. Rf8+ Rxf8 39. Qxf8+ Kh7 40. Qg8+ Kh6 41. Qh8+ Kg6 42. Qe8+ Kh6 43. Be3+ Rg5 44. Bxg5+ Kxg5 45. Rxe2 1-0

[Event "XXXI Torre Memorial 2019"]
[Site "Merida"]
[Date "2019.12.14"]
[Round "1.19"]
[White "Berdayes Ason, Dylan Isidro"]
[Black "Fuentes Godoy, Lilia Ivonne"]
[Result "1/2-1/2"]
[ECO "B18"]
[WhiteElo "2448"]
[BlackElo "2132"]
[Annotator "NA"]
[PlyCount "116"]
[EventDate "2019.12.13"]
[EventType "swiss"]
[EventCountry "MEX"]
[SourceTitle "playchess.com"]
[Source "ChessBase"]
[SourceQuality "1"]
[TimeControl "5400+30"]

1. e4 c6 2. d4 d5 3. Nd2 dxe4 4. Nxe4 Bf5 5. Ng3 Bg6 6. Nh3 e6 7. Nf4 Bd6 8. Ngh5 Bf8 9. Bc4 Nf6 10. O-O Nxh5 11. Nxh5 Qh4 12. Nf4 Bd6 13. g3 Qd8 14. Re1 O-O 15. Nxg6 hxg6 16. Qg4 Re8 17. Bg5 Qc8 18. h4 Nd7 19. h5 Nf8 20. h6 Nh7 21. Bd2 Bf8 22. hxg7 Bxg7 23. c3 Nf6 24. Qh4 Nd5 25. Kg2 Qd8 26. Bg5 f6 27. Bh6 Kf7 28. Bxg7 Kxg7 29. Rh1 Rh8 30. Qe4 Qd6 31. Rae1 Nc7 32. Qg4 b5 33. Bb3 a5 34. a4 bxa4 35. Bxa4 Rab8 36. Rxh8 Rxh8 37. Qe4 Rb8 38. Re2 Rb6 39. c4 Rb4 40. b3 Rb8 41. Qxc6 Qxc6+ 42. Bxc6 Rxb3 43. d5 Kf7 44. d6 Na6 45. Rd2 Nb4 46. Be4 Ke8 47. d7+ Kd8 48. Bxg6 a4 49. Rd6 a3 50. Be8 a2 51. Rb6 Kc7 52. Rd6 Kd8 53. Rb6 Kc7 54. Rd6 Kd8 55. Rb6 Ke7 56. Rb8 Nc6 57. Ra8 Nb4 58. Rb8 Nc6 1/2-1/2

[Event "XXXI Torre Memorial 2019"]
[Site "Merida"]
[Date "2019.12.14"]
[Round "2.1"]
[White "Ramirez, Alejandro"]
[Black "Figueredo Losada, Leonel"]
[Result "1/2-1/2"]
[ECO "A04"]
[WhiteElo "2589"]
[BlackElo "2381"]
[Annotator "ChessBase"]
[PlyCount "57"]
[EventDate "2019.12.13"]
[EventType "swiss"]
[EventCountry "MEX"]
[SourceTitle "playchess.com"]
[Source "ChessBase"]
[SourceQuality "1"]
[TimeControl "5400+30"]

1. Nf3 d6 2. d4 g6 3. Bf4 Bg7 4. e3 Nd7 5. h3 e5 6. Bh2 Nh6 7. dxe5 dxe5 8. e4 O-O 9. Nc3 Kh8 10. Bc4 Qe7 11. Qd2 Nb6 12. Bb3 Rd8 13. Qe2 f6 14. O-O Be6 15. Ne1 Nf7 16. Nd3 c6 17. h4 Nd7 18. h5 Bxb3 19. axb3 Nc5 20. Nxc5 Qxc5 21. Qg4 Nh6 22. Qg3 g5 23. Rfd1 b5 24. Qf3 b4 25. Na4 Qxc2 26. Rdc1 Qd2 27. Rd1 Qc2 28. Rdc1 Qd2 29. Rd1 1/2-1/2

[Event "XXXI Torre Memorial 2019"]
[Site "Merida"]
[Date "2019.12.14"]
[Round "2.2"]
[White "Cordova, Emilio"]
[Black "Elias Reyes, Jorge Roberto"]
[Result "1-0"]
[ECO "E06"]
[WhiteElo "2585"]
[BlackElo "2379"]
[Annotator "ChessBase"]
[PlyCount "80"]
[EventDate "2019.12.13"]
[EventType "swiss"]
[EventCountry "MEX"]
[SourceTitle "playchess.com"]
[Source "ChessBase"]
[SourceQuality "1"]
[TimeControl "5400+30"]

1. d4 Nf6 2. Nf3 d5 3. c4 e6 4. g3 Be7 5. Bg2 O-O 6. Qc2 c5 7. dxc5 Qa5+ 8. Nc3 dxc4 9. O-O Qxc5 10. Na4 Qh5 11. Qxc4 b5 12. Qh4 Bb7 13. Qxh5 Nxh5 14. Nc3 b4 15. Na4 Nd7 16. Be3 Nhf6 17. Rfc1 Rfc8 18. Nd4 Bxg2 19. Kxg2 Nd5 20. Bd2 Nc5 21. Nxc5 Bxc5 22. Nb3 Be7 23. e4 Nb6 24. Na5 Na4 25. b3 Nc3 26. Bxc3 Rxc3 27. Nc6 Bf6 28. e5 Rc8 29. Rxc3 bxc3 30. Nxa7 Ra8 31. Nc6 Rc8 32. exf6 Rxc6 33. Kf3 gxf6 34. Ke3 Kg7 35. Kd3 Rc5 36. b4 Rf5 37. f4 e5 38. Rf1 Rh5 39. h4 exf4 40. Rxf4 Re5 1-0

[Event "XXXI Torre Memorial 2019"]
[Site "Merida"]
[Date "2019.12.14"]
[Round "2.3"]
[White "Albornoz Cabrera, Carlos Daniel"]
[Black "Ordaz Valdes, Lisandra Teresa"]
[Result "1-0"]
[ECO "D38"]
[WhiteElo "2555"]
[BlackElo "2376"]
[Annotator "ChessBase"]
[PlyCount "91"]
[EventDate "2019.12.13"]
[EventType "swiss"]
[EventCountry "MEX"]
[SourceTitle "playchess.com"]
[Source "ChessBase"]
[SourceQuality "1"]
[TimeControl "5400+30"]

1. Nf3 d5 2. d4 Nf6 3. c4 e6 4. Nc3 Bb4 5. cxd5 exd5 6. Bg5 h6 7. Bh4 O-O 8. e3 Bf5 9. Qb3 Bxc3+ 10. bxc3 Nbd7 11. Be2 c5 12. dxc5 Nxc5 13. Qb4 Nce4 14. Nd4 Bh7 15. O-O b6 16. f3 Nc5 17. Rfd1 Qe7 18. Bf2 Rac8 19. Rac1 Rfd8 20. c4 Re8 21. Qd2 dxc4 22. Bxc4 a6 23. Bf1 Nfd7 24. e4 Ne5 25. Nb3 Rcd8 26. Qe3 Ned7 27. Qf4 Nxb3 28. axb3 Nc5 29. Bxc5 bxc5 30. Bxa6 Rxd1+ 31. Rxd1 Rd8 32. Rxd8+ Qxd8 33. Qe3 Qd1+ 34. Kf2 Qd6 35. Bc4 Qxh2 36. Qxc5 Qh4+ 37. Kg1 Qe1+ 38. Bf1 Bg6 39. b4 Qb1 40. b5 f5 41. b6 fxe4 42. Qc8+ Kh7 43. b7 Qb6+ 44. Kh1 Qb1 45. b8=Q Qxf1+ 46. Kh2 1-0

[Event "XXXI Torre Memorial 2019"]
[Site "Merida"]
[Date "2019.12.14"]
[Round "2.4"]
[White "Almeida Quintana, Omar"]
[Black "Perez Leiva, Jerzy Jesus"]
[Result "1-0"]
[ECO "E11"]
[WhiteElo "2554"]
[BlackElo "2373"]
[Annotator "ChessBase"]
[PlyCount "63"]
[EventDate "2019.12.13"]
[EventType "swiss"]
[EventCountry "MEX"]
[SourceTitle "playchess.com"]
[Source "ChessBase"]
[SourceQuality "1"]
[TimeControl "5400+30"]

1. d4 Nf6 2. c4 e6 3. Nf3 Bb4+ 4. Nbd2 O-O 5. a3 Be7 6. e3 b6 7. Bd3 Bb7 8. O-O c5 9. b3 d5 10. Bb2 Nc6 11. Qe2 dxc4 12. bxc4 Qc7 13. Rac1 Rfd8 14. Rfd1 Rac8 15. Nb3 Na5 16. Nxa5 bxa5 17. Ne5 Bd6 18. f4 Qe7 19. Rb1 Ne4 20. Qc2 f5 21. d5 exd5 22. cxd5 Bxe5 23. Bxe5 c4 24. Bxe4 fxe4 25. d6 Qd7 26. Qc3 Ba6 27. Qxa5 c3 28. Bxc3 Be2 29. Rd2 Bc4 30. h3 Rc6 31. Rb7 Qxb7 32. Qxd8+ 1-0

[Event "XXXI Torre Memorial 2019"]
[Site "Merida"]
[Date "2019.12.14"]
[Round "2.5"]
[White "Ortiz Suarez, Isan Reynaldo"]
[Black "Coto Mederos, Michel"]
[Result "1-0"]
[ECO "C42"]
[WhiteElo "2549"]
[BlackElo "2352"]
[Annotator "ChessBase"]
[PlyCount "67"]
[EventDate "2019.12.13"]
[EventType "swiss"]
[EventCountry "MEX"]
[SourceTitle "playchess.com"]
[Source "ChessBase"]
[SourceQuality "1"]
[TimeControl "5400+30"]

1. e4 e5 2. Nf3 Nf6 3. Nxe5 d6 4. Nc4 Nxe4 5. Qe2 Qe7 6. Ne3 Be6 7. g3 Nc6 8. Bg2 d5 9. Nc3 Nxc3 10. bxc3 O-O-O 11. Rb1 a6 12. O-O Qd7 13. Rd1 Bc5 14. d4 Ba7 15. c4 Nxd4 16. Qf1 Qa4 17. cxd5 Bd7 18. Bb2 f6 19. Qd3 Nb5 20. c4 Nd6 21. Bd4 Bxd4 22. Qxd4 Kb8 23. c5 Qxd4 24. Rxd4 Nb5 25. Rdb4 Bc8 26. a4 Na7 27. Nc4 Rhe8 28. Na5 b6 29. d6 b5 30. axb5 axb5 31. Rxb5+ Nxb5 32. Rxb5+ Ka7 33. Nc6+ Ka6 34. Ra5+ 1-0

[Event "XXXI Torre Memorial 2019"]
[Site "Merida"]
[Date "2019.12.14"]
[Round "2.6"]
[White "Drazic, Sinisa"]
[Black "Gonzalez Zamora, Juan Carlos"]
[Result "1/2-1/2"]
[ECO "A45"]
[WhiteElo "2371"]
[BlackElo "2535"]
[Annotator "ChessBase"]
[PlyCount "199"]
[EventDate "2019.12.13"]
[EventType "swiss"]
[EventCountry "MEX"]
[SourceTitle "playchess.com"]
[Source "ChessBase"]
[SourceQuality "1"]
[TimeControl "5400+30"]

1. d4 Nf6 2. Bg5 Ne4 3. Bf4 d5 4. Nd2 Nf6 5. e3 g6 6. h3 Bg7 7. Ngf3 O-O 8. Be2 c5 9. c3 Nfd7 10. O-O Nc6 11. Qb3 e6 12. Bd6 c4 13. Qc2 Re8 14. b3 cxb3 15. axb3 b6 16. b4 Bb7 17. b5 Ne7 18. Ra4 Nc8 19. Bg3 e5 20. Nxe5 Nxe5 21. Bxe5 Bxe5 22. dxe5 Rxe5 23. Nf3 Re7 24. Rfa1 Rc7 25. Nd4 Qe7 26. Bg4 Nd6 27. Rxa7 Rxa7 28. Rxa7 Ne4 29. Bf3 Rxc3 30. Qb2 Rc7 31. Bxe4 dxe4 32. Qa3 Qxa3 33. Rxa3 Kf8 34. g4 Ke7 35. Kg2 Kd6 36. Kg3 Bd5 37. Kf4 f6 38. h4 Rf7 39. Ra1 Rc7 40. Rd1 Rc5 41. g5 fxg5+ 42. hxg5 Rc7 43. Rh1 Rf7+ 44. Kg3 Bc4 45. Rh4 Kd5 46. Kg2 Bd3 47. Rh1 Rc7 48. Kg3 Kd6 49. Ra1 Rc5 50. Kf4 Rc7 51. Ra8 Rf7+ 52. Kg3 Kc5 53. Re8 Rd7 54. Rc8+ Kb4 55. Rb8 Kc5 56. Re8 Kb4 57. Re6 Rb7 58. Re5 Rf7 59. Re6 Rb7 60. Kf4 Bxb5 61. Kxe4 Bc4 62. Rc6 b5 63. Ke5 Kc3 64. f4 Kd3 65. f5 Re7+ 66. Kf6 Rxe3 67. fxg6 hxg6 68. Rd6 Kc3 69. Nxb5+ Bxb5 70. Kxg6 Kc4 71. Kf6 Kc5 72. Re6 Rf3+ 73. Ke7 Bc4 74. g6 Ra3 75. Re1 Ra7+ 76. Kf8 Kd6 77. Re4 Be6 78. Re1 Rb7 79. Re2 Rb8+ 80. Kg7 Ke7 81. Re1 Rb2 82. Rg1 Kd6 83. Rg5 Rb8 84. Ra5 Bc4 85. Ra4 Be6 86. Ra5 Rg8+ 87. Kf6 Rf8+ 88. Kg7 Rf2 89. Rb5 Rg2 90. Kf6 Bc4 91. Rg5 Re2 92. Rg4 Bd5 93. Rg5 Re6+ 94. Kg7 Bc4 95. Rg4 Bd5 96. Rg5 Be4 97. Kf7 Re7+ 98. Kf6 Re6+ 99. Kf7 Re7+ 100. Kf6 {[%emt 0:00:04] Ke5+} 1/2-1/2

[Event "XXXI Torre Memorial 2019"]
[Site "Merida"]
[Date "2019.12.14"]
[Round "2.7"]
[White "Diaz Rosas, Julio Cesar"]
[Black "Macieja, Bartlomiej"]
[Result "0-1"]
[ECO "B12"]
[WhiteElo "2365"]
[BlackElo "2513"]
[Annotator "ChessBase"]
[PlyCount "85"]
[EventDate "2019.12.13"]
[EventType "swiss"]
[EventCountry "MEX"]
[SourceTitle "playchess.com"]
[Source "ChessBase"]
[SourceQuality "1"]
[TimeControl "5400+30"]

1. e4 c6 2. d4 d5 3. e5 Bf5 4. Nf3 e6 5. Be2 Ne7 6. O-O c5 7. Na3 Nec6 8. c4 Be4 9. Nb5 Be7 10. dxc5 Bxc5 11. Ng5 Na6 12. Nd6+ Bxd6 13. exd6 O-O 14. a3 Qf6 15. Be3 Qxb2 16. Nxe4 dxe4 17. Rb1 Qxa3 18. Rxb7 Rab8 19. Rxb8 Ncxb8 20. Bxa7 Nd7 21. Qd4 Nab8 22. Ra1 Qb4 23. Qxe4 Qxd6 24. Be3 Nc5 25. Qh4 Nbd7 26. Rd1 Qb8 27. Qe7 Re8 28. Qh4 h6 29. h3 Qb2 30. Bf3 Qc2 31. Qg3 Ne4 32. Qc7 Ndf6 33. Rc1 Qb2 34. Qb6 Qa3 35. Qc6 Nc3 36. Qc5 Qb2 37. Kh2 Qb8+ 38. g3 Nce4 39. Qb5 Qc8 40. c5 Ng5 41. Bb7 Qc7 42. Qb6 Qe5 43. Bg2 0-1

[Event "XXXI Torre Memorial 2019"]
[Site "Merida"]
[Date "2019.12.14"]
[Round "2.9"]
[White "Fernandez Mayola, Reynold Rafael"]
[Black "Santiago, Yago De Moura"]
[Result "0-1"]
[ECO "A34"]
[WhiteElo "2328"]
[BlackElo "2479"]
[Annotator "ChessBase"]
[PlyCount "64"]
[EventDate "2019.12.13"]
[EventType "swiss"]
[EventCountry "MEX"]
[SourceTitle "playchess.com"]
[Source "ChessBase"]
[SourceQuality "1"]
[TimeControl "5400+30"]

1. Nf3 Nf6 2. c4 c5 3. Nc3 d5 4. cxd5 Nxd5 5. d4 e6 6. e4 Nxc3 7. bxc3 cxd4 8. cxd4 Bb4+ 9. Bd2 Bxd2+ 10. Qxd2 O-O 11. Bc4 Nc6 12. O-O b6 13. Rad1 Na5 14. Bd3 Bb7 15. Qf4 Rc8 16. d5 Qf6 17. Qg3 g6 18. Ne5 Qe7 19. Ng4 exd5 20. e5 Rc7 21. Nf6+ Kg7 22. f4 Nc6 23. Kh1 Rd8 24. Nxh7 Kxh7 25. f5 Qxe5 26. Rf4 Kg8 27. Re1 Qd6 28. f6 Ne5 29. Qg5 Nxd3 30. Rh4 Qf8 31. Qg3 Rc4 32. Rh5 Rg4 0-1

[Event "XXXI Torre Memorial 2019"]
[Site "Merida"]
[Date "2019.12.14"]
[Round "2.10"]
[White "Miranda Mesa, Elier"]
[Black "Dieguez Alvarez, Mario Enrique"]
[Result "1-0"]
[ECO "B85"]
[WhiteElo "2477"]
[BlackElo "2304"]
[Annotator "ChessBase"]
[PlyCount "47"]
[EventDate "2019.12.13"]
[EventType "swiss"]
[EventCountry "MEX"]
[SourceTitle "playchess.com"]
[Source "ChessBase"]
[SourceQuality "1"]
[TimeControl "5400+30"]

1. e4 c5 2. Nf3 e6 3. d4 cxd4 4. Nxd4 a6 5. Be2 Nf6 6. Nc3 Qc7 7. O-O d6 8. f4 Be7 9. Be3 O-O 10. a4 Nc6 11. Kh1 Bd7 12. Nb3 Na5 13. e5 dxe5 14. fxe5 Nd5 15. Nxd5 exd5 16. Nxa5 Qxa5 17. Bd3 Be6 18. Qh5 g6 19. Qe2 Rfe8 20. Qf2 Qc7 21. Qg3 Bf8 22. Bg5 Bg7 23. Rae1 Bd7 24. e6 1-0

[Event "XXXI Torre Memorial 2019"]
[Site "Merida"]
[Date "2019.12.14"]
[Round "2.11"]
[White "Martin Del Campo C., Roberto"]
[Black "Hevia Alejano, Carlos Antonio"]
[Result "0-1"]
[ECO "B82"]
[WhiteElo "2314"]
[BlackElo "2465"]
[Annotator "ChessBase"]
[PlyCount "66"]
[EventDate "2019.12.13"]
[EventType "swiss"]
[EventCountry "MEX"]
[SourceTitle "playchess.com"]
[Source "ChessBase"]
[SourceQuality "1"]
[TimeControl "5400+30"]

1. e4 c5 2. Nf3 e6 3. d4 cxd4 4. Nxd4 Nf6 5. Nc3 d6 6. f4 a6 7. Qf3 Qc7 8. Bd3 g6 9. Be3 Bg7 10. O-O-O O-O 11. g4 b5 12. h4 b4 13. Nce2 Nbd7 14. g5 Nh5 15. Ng3 Nxg3 16. Qxg3 Nc5 17. Kb1 Bb7 18. Qg2 e5 19. Ne2 exf4 20. Bxf4 Rfe8 21. Ng3 Na4 22. h5 Nxb2 23. hxg6 hxg6 24. Qh2 Nxd1 25. Nf5 gxf5 26. Bxd6 Nc3+ 27. Kc1 Nxa2+ 28. Kb1 Nc3+ 29. Kc1 Qxd6 30. Qxd6 b3 31. g6 b2+ 32. Kd2 Nxe4+ 33. Bxe4 Rad8 0-1

[Event "XXXI Torre Memorial 2019"]
[Site "Merida"]
[Date "2019.12.14"]
[Round "2.12"]
[White "Rodriguez Vila, Andres"]
[Black "Amaro Alfonso, Raynner"]
[Result "1/2-1/2"]
[ECO "A45"]
[WhiteElo "2463"]
[BlackElo "2296"]
[Annotator "ChessBase"]
[PlyCount "56"]
[EventDate "2019.12.13"]
[EventType "swiss"]
[EventCountry "MEX"]
[SourceTitle "playchess.com"]
[Source "ChessBase"]
[SourceQuality "1"]
[TimeControl "5400+30"]

1. d4 Nf6 2. Nc3 d5 3. Bf4 e6 4. e3 Bb4 5. Nge2 O-O 6. a3 Bd6 7. Qd2 b6 8. f3 Ba6 9. O-O-O c5 10. g4 Nc6 11. g5 Ne8 12. h4 Qe7 13. Kb1 Na5 14. Bxd6 Nxd6 15. Nf4 Bxf1 16. Rdxf1 Nac4 17. Qd3 cxd4 18. exd4 Nxb2 19. Kxb2 Nc4+ 20. Kb1 Qxa3 21. Nd1 Qb4+ 22. Kc1 Qa4 23. Qc3 Rac8 24. Rf2 Na5 25. Qb2 Nc4 26. Qc3 Na5 27. Qb2 Nc4 28. Qc3 Na5 1/2-1/2